Map: Heavy Artillery LE

Players

postal

  • Race: Terran Terran
  • League: Platinum
  • Spawn Location: 1:00

эпсилон

  • Race: Protoss Protoss
  • Spawn Location: 3:00

Ekelpack - Winner!

  • Race: Zerg Zerg
  • Spawn Location: 7:00

Nyck - Winner!

  • Race: Terran Terran
  • League: Silver
  • Spawn Location: 7:00

VOD

Have the link to the VOD?

Description

Time

  • Played on: Oct. 23, 2024, 3:50 p.m.
  • Length: 15:45
Show
View Real Time Build Order
Export as new Build Order

postal Terran 

Build Orders:  

Get SALT Encoding   

  12  0:00  SCV  
  13  0:12  SCV  
  14  0:18  Supply Depot  
  14  0:24  SCV  
  15  0:40  SCV  
  15  0:41  Barracks  
  16  0:49  Refinery  
  16  0:52  SCV  
  17  1:04  SCV  
  18  1:16  SCV  
  19  1:28  SCV  
  20  1:33  Reaper, Command Center  
  21  1:42  Orbital Command  
  21  1:54  Refinery  
  21  1:58  Supply Depot  
  21  2:05  Barracks Reactor  
  21  2:08  SCV  
  22  2:20  SCV  
  23  2:26  Factory  
  23  2:32  SCV  
  24  2:41  Marine x2  
  26  2:44  SCV  
  26  2:47  Orbital Command  
  26  3:08  SCV  
  26  3:11  Factory Tech Lab  
  27  3:14  Starport  
  27  3:20  SCV  
  27  3:22  SCV  
  27  3:25  Marine x2  
  31  3:32  SCV  
  31  3:33  Siege Tank  
  35  3:42  SCV  
  35  3:44  SCV  
  37  3:55  Starport Reactor  
  37  3:56  Marine x2  
  37  3:57  Barracks  
  37  3:58  SCV x2  
  37  4:02  Supply Depot  
  41  4:03  Supply Depot  
  41  4:08  Siege Tank  
  44  4:14  Marine  
  45  4:18  SCV  
  45  4:23  SCV  
  47  4:31  Marine  
  47  4:32  Marine  
  47  4:34  SCV  
  47  4:35  SCV  
  51  4:50  Barracks Tech Lab  
  50  4:53  Factory  
  50  4:55  Marine x2  
  50  4:56  Siege Tank  
  50  4:58  SCV x2  
  57  5:01  Supply Depot  
  57  5:02  Supply Depot  
  57  5:10  SCV x2, Engineering Bay x2  
  57  5:11  Command Center  
  59  5:15  Refinery x2  
  59  5:19  Marine  
  59  5:20  Marine  
  61  5:36  Terran Infantry Weapons Level 1, Terran Infantry Armor Level 1  
  61  5:37  Stimpack  
  61  5:38  Factory Tech Lab  
  61  5:40  Barracks  
  61  5:43  Marine x2  
  61  5:45  SCV x2  
  60  6:07  Marine x2  
  60  6:08  Marine  
  60  6:09  SCV x2  
  65  6:20  Missile Turret  
  65  6:21  SCV  
  65  6:22  SCV  
  65  6:24  Missile Turret  
  67  6:27  Barracks Tech Lab  
  67  6:28  Medivac x2  
  71  6:33  Armory  
  71  6:34  SCV  
  71  6:39  Orbital Command  
  72  6:41  Missile Turret  
  72  6:46  Missile Turret  
  71  6:59  SCV x2  
  71  7:01  Marine x3  
  73  7:03  Combat Shield  
  76  7:11  SCV, Marine  
  76  7:12  Siege Tank  
  76  7:13  Siege Tank, Medivac  
  76  7:15  SCV x2  
  88  7:18  Sensor Tower  
  88  7:19  Marine  
  88  7:21  Concussive Shells  
  89  7:23  SCV  
  89  7:24  Terran Vehicle And Ship Armor Level 1  
  89  7:27  SCV  
  91  7:32  Refinery  
  91  7:35  Supply Depot  
  91  7:36  Supply Depot  
  91  7:37  Refinery  
  91  7:43  Marine x2  
  92  7:56  Marine  
  92  7:57  Marine  
  94  8:01  Marine  
  95  8:06  Missile Turret x2  
  95  8:07  Missile Turret  
  95  8:13  Marine  
  95  8:14  Marine x2  
  95  8:15  Siege Tank, Medivac  
  95  8:16  Medivac  
  95  8:17  SCV x3  
  108  8:22  Terran Infantry Weapons Level 2  
  108  8:25  Terran Infantry Armor Level 2  
  108  8:29  SCV x2  
  110  8:46  SCV x3, Sensor Tower  
  113  8:58  SCV x3  
  116  9:10  SCV  
  102  9:44  Marine x3  
  102  9:45  Marine  
  95  10:02  Marine x2  
  95  10:04  SCV x3  
  99  10:10  Marine x2  
  101  10:16  SCV x2  
  101  10:20  Marine x2  
  101  10:21  SCV  
  106  10:25  Barracks  
  106  10:26  Barracks  
  106  10:27  Marine, Command Center  
  106  10:28  SCV x2, Marine  
  108  10:33  SCV  
  111  10:49  Marine x4  
  115  11:06  Marine  
  115  11:07  Marine x3  
  115  11:11  SCV x3  
  122  11:16  Terran Infantry Armor Level 3, Terran Infantry Weapons Level 3  
  122  11:17  Terran Vehicle And Ship Armor Level 2  
  122  11:18  Command Center  
  122  11:19  Armory  
  122  11:23  SCV x3  
  122  11:24  Supply Depot  
  125  11:26  Barracks Tech Lab, Supply Depot x2  
  125  11:27  Barracks Tech Lab  
  125  11:39  Marine x4  
  129  11:45  Sensor Tower  
  129  11:48  Missile Turret  
  129  11:49  Missile Turret  
  129  11:50  Liberator x2  
  129  11:51  Missile Turret  
  135  12:04  Marine x3  
  135  12:05  Siege Tank x2, Marauder x3  
  150  12:14  Starport  
  150  12:15  Missile Turret  
  150  12:16  Starport  
  150  12:20  SCV x3  
  153  12:26  Supply Depot  
  151  12:32  SCV x3  
  154  12:41  Command Center  
  154  12:44  SCV x2  
  154  12:49  Supply Depot, Planetary Fortress  
  156  12:56  Refinery  
  156  12:57  Liberator x2, Missile Turret  
  156  12:58  Refinery  
  156  12:59  Starport Reactor x2, Missile Turret  
  98  13:30  Marine  
  98  13:31  Marine x3  
  98  13:32  Siege Tank x2, Marauder x2  
  84  13:48  Marine x2  
  84  13:49  Marauder x2  
  80  14:05  SCV x3  
  80  14:06  Marine  
  80  14:07  Marine, Marauder x2  
  80  14:08  Siege Tank x2  
  95  14:10  Marine, Liberator x2  
  95  14:11  Marauder  
  95  14:16  Liberator x4  
  110  14:17  SCV x3  
  113  14:24  Marine x2  
  113  14:28  Marauder  
  113  14:29  Refinery, Marauder x2  
  121  14:32  Marauder  
  123  14:39  Missile Turret  
  123  14:44  Missile Turret  
  123  14:46  Missile Turret  
  123  14:50  Marauder  
  124  14:53  Medivac x2  
Show
View Real Time Build Order
Export as new Build Order

эпсилон Protoss 

Build Orders: 1 Gate Expand, Carriers 

Get SALT Encoding   

  12  0:02  Probe (Chrono Boost)  
  13  0:10  Probe (Chrono Boost)  
  14  0:19  Pylon  
  14  0:22  Probe  
  15  0:38  Gateway  
  15  0:39  Probe  
  16  1:07  Nexus  
  16  1:09  Probe  
  17  1:16  Assimilator  
  17  1:28  Cybernetics Core, Probe  
  18  1:36  Pylon  
  18  1:42  Assimilator  
  18  1:44  Probe (Chrono Boost)  
  19  1:52  Probe (Chrono Boost)  
  20  2:01  Gateway  
  20  2:09  Stalker  
  20  2:11  Warp Gate (Chrono Boost)  
  22  2:19  Probe (Chrono Boost)  
  23  2:29  Probe x2 (Chrono Boost)  
  25  2:33  Probe (Chrono Boost)  
  25  2:36  Probe  
  27  2:44  Shield Battery  
  27  2:45  Probe  
  28  2:53  Probe  
  28  2:57  Probe  
  30  3:05  Probe  
  31  3:06  Stargate  
  31  3:09  Probe  
  32  3:17  Pylon, Probe  
  33  3:22  Probe (Chrono Boost)  
  33  3:24  Sentry x2  
  38  3:30  Probe (Chrono Boost)  
  38  3:34  Probe (Chrono Boost)  
  40  3:37  Shield Battery  
  40  3:39  Probe (Chrono Boost)  
  40  3:40  Assimilator, Probe (Chrono Boost)  
  42  3:44  Probe (Chrono Boost)  
  43  3:54  Twilight Council  
  43  3:58  Pylon  
  43  4:00  Probe x2  
  45  4:04  Pylon  
  45  4:07  Assimilator  
  45  4:12  Probe x2  
  51  4:18  Void Ray (Chrono Boost)  
  51  4:24  Probe  
  51  4:25  Probe  
  51  4:29  Stalker x2  
  57  4:36  Gateway  
  57  4:39  Gateway  
  57  4:40  Blink  
  61  5:00  Void Ray  
  61  5:03  Probe x2  
  63  5:25  Stalker x2  
  67  5:38  Nexus  
  67  5:39  Pylon  
  67  5:41  Pylon  
  67  5:42  Forge  
  67  5:43  Forge  
  67  5:44  Assimilator  
  67  5:47  Assimilator  
  67  6:07  Stalker x3  
  67  6:08  Stalker  
  75  6:17  Stargate  
  75  6:19  Robotics Facility  
  75  6:24  Protoss Ground Weapons Level 1 (Chrono Boost)  
  75  6:25  Protoss Ground Armor Level 1 (Chrono Boost)  
  75  6:46  Protoss Air Weapons Level 1  
  71  7:05  Probe x2  
  71  7:06  Probe  
  74  7:11  Immortal  
  74  7:15  Shield Battery, Void Ray x2  
  86  7:17  Shield Battery, Probe  
  86  7:18  Probe  
  86  7:19  Shield Battery  
  86  7:21  Photon Cannon  
  88  7:30  Probe x2  
  90  7:56  Probe x2 (Chrono Boost)  
  90  7:57  Probe (Chrono Boost)  
  96  8:06  Probe x3 (Chrono Boost)  
  96  8:08  Pylon  
  96  8:09  Stalker x2  
  96  8:11  Probe (Chrono Boost)  
  100  8:14  Pylon  
  100  8:16  Protoss Shields Level 1  
  100  8:17  Pylon  
  100  8:19  Pylon  
  101  8:26  Probe x3  
  108  8:31  Robotics Bay  
  108  8:32  Void Ray  
  108  8:34  Templar Archives  
  112  8:38  Void Ray, Probe x2  
  112  8:39  Fleet Beacon  
  114  8:57  Protoss Air Armor Level 1  
  114  8:59  Sentry x2  
  101  9:16  Stalker  
  101  9:17  Stalker  
  68  9:29  Stalker x2  
  52  9:39  Gateway  
  52  9:40  Gateway  
  52  9:45  Stalker x2  
  54  9:47  Probe  
  54  9:48  Probe x2  
  56  9:54  Stalker  
  56  9:55  Stalker  
  56  9:59  Carrier  
  67  10:00  Probe x3  
  67  10:05  Carrier  
  75  10:12  Shield Battery, Probe x3  
  78  10:24  Probe x3  
  81  10:36  Stalker x3, Probe x2  
  81  10:37  Stalker x2  
  93  10:56  Nexus  
  93  11:01  Assimilator  
  92  11:05  Pylon  
  92  11:07  Pylon  
  92  11:09  Carrier (Chrono Boost)  
  92  11:10  Assimilator  
  92  11:16  Carrier (Chrono Boost)  
  98  11:19  Protoss Shields Level 2 (Chrono Boost)  
  98  11:24  Protoss Ground Weapons Level 2 (Chrono Boost)  
  104  11:29  Protoss Air Weapons Level 2 (Chrono Boost)  
  104  11:43  Shield Battery  
  104  11:44  Shield Battery  
  104  11:46  Photon Cannon  
  104  11:58  Observer  
  105  12:10  Carrier (Chrono Boost)  
  105  12:12  Carrier, Stargate  
  117  12:16  Observer  
  118  12:25  Pylon  
  118  12:26  Pylon  
  118  12:28  Pylon  
  118  12:33  Probe x2 (Chrono Boost)  
  118  12:34  Probe x2 (Chrono Boost)  
  122  12:43  Probe x4 (Chrono Boost)  
  126  12:48  Probe x2 (Chrono Boost)  
  126  12:49  Observer  
  135  12:56  Sentry x2  
  135  12:57  Mothership  
  139  13:07  Observer  
  100  13:31  Stalker x5  
  100  13:32  Stalker  
  105  13:43  Carrier x2 (Chrono Boost)  
  117  13:55  Stalker  
  117  13:56  Stalker x2  
  123  14:04  Carrier (Chrono Boost)  
  129  14:16  Probe x4  
  133  14:23  Stalker x2  
  133  14:24  Stalker x4  
  141  14:28  Probe x2  
  147  14:42  Observer  
  148  14:59  Observer  
  101  15:07  Stalker  
  101  15:08  Stalker x5  
  91  15:31  Stalker  
  91  15:32  Stalker x5  
Show
View Real Time Build Order
Export as new Build Order

Ekelpack Zerg - Winner!

Build Orders: Hatch First 

Get SALT Encoding   

  12  0:00  Drone  
  13  0:12  Overlord  
  13  0:18  Drone  
  14  0:31  Drone  
  15  0:45  Hatchery  
  15  0:49  Drone  
  15  1:05  Spawning Pool  
  15  1:07  Drone  
  15  1:11  Extractor  
  14  1:12  Drone  
  14  1:17  Drone  
  16  1:22  Drone  
  17  1:34  Drone  
  18  1:42  Drone  
  19  1:51  Drone  
  19  1:52  Queen  
  22  2:00  Queen  
  24  2:05  Drone  
  24  2:08  Drone  
  26  2:13  Drone x2  
  28  2:23  Overlord  
  28  2:30  Extractor  
  28  2:31  Drone  
  28  2:36  Lair  
  28  2:48  Drone x2  
  31  2:51  Drone x3  
  33  3:04  Extractor  
  32  3:09  Overlord  
  32  3:11  Drone x3  
  35  3:16  Drone  
  36  3:20  Extractor  
  36  3:21  Drone  
  36  3:35  Spire  
  36  3:37  Overlord  
  36  3:39  Drone  
  36  3:41  Drone x3  
  38  3:47  Overlord  
  39  3:48  Metabolic Boost  
  39  3:54  Queen  
  41  3:56  Overlord  
  41  3:58  Drone  
  41  4:00  Drone  
  43  4:04  Drone x2  
  43  4:05  Drone  
  43  4:09  Overlord  
  46  4:46  Mutalisk x5  
  46  4:47  Mutalisk x3  
  62  4:56  Mutalisk x2  
  62  4:57  Mutalisk  
  68  5:07  Zerg Flyer Weapons Level 1  
  68  5:21  Hatchery  
  67  5:29  Overlord x2  
  67  5:34  Overlord  
  67  5:35  Zergling x8  
  69  5:36  Zergling x6  
  69  5:40  Zergling x2  
  69  5:41  Zergling x2  
  76  6:01  Mutalisk x3  
  76  6:02  Mutalisk x2  
  86  6:21  Pneumatized Carapace  
  86  6:24  Overlord x2  
  86  6:32  Infestation Pit, Mutalisk x2  
  85  6:34  Zergling x4  
  91  6:57  Zergling x10  
  91  6:58  Drone  
  91  6:59  Drone x3  
  100  7:04  Zerg Flyer Weapons Level 2  
  100  7:10  Hive  
  100  7:14  Drone x2, Evolution Chamber  
  100  7:15  Drone x2  
  103  7:16  Evolution Chamber  
  102  7:27  Drone x2  
  104  7:51  Overlord x3  
  104  7:52  Zergling x12  
  104  7:53  Zergling x6  
  113  8:05  Zerg Melee Weapons Level 1, Zerg Ground Armor Level 1  
  113  8:11  Drone x5  
  118  8:14  Extractor  
  118  8:16  Extractor  
  116  8:25  Drone  
  117  8:46  Hatchery  
  117  8:47  Ultralisk Cavern  
  93  9:11  Mutalisk x2  
  93  9:13  Zergling x12  
  93  9:14  Zergling x12  
  93  9:15  Zergling x6  
  101  10:06  Ultralisk  
  101  10:07  Ultralisk x6  
  123  10:12  Drone x2  
  143  10:25  Ultralisk  
  143  10:27  Overlord x2  
  149  10:29  Zerg Melee Weapons Level 2  
  149  10:35  Chitinous Plating  
  149  10:39  Zerg Ground Armor Level 2  
  149  10:53  Drone x2  
  149  10:54  Drone x3  
  149  10:55  Overlord x2  
  154  11:00  Drone x3  
  157  11:07  Overlord  
  157  11:08  Ultralisk  
  157  11:10  Zergling x8  
  167  11:27  Extractor  
  167  11:29  Extractor  
  163  11:36  Ultralisk x4  
  163  11:37  Overlord  
  187  11:51  Queen  
  189  11:56  Anabolic Synthesis  
  189  12:03  Drone x2  
  189  12:04  Drone  
  192  12:11  Drone  
  192  12:14  Zergling x2, Ultralisk  
  200  12:26  Hatchery  
  181  13:16  Zergling x2, Ultralisk x3  
  181  13:17  Zergling x6  
  198  13:53  Adrenal Glands  
  198  14:31  Drone  
  194  15:00  Ultralisk  
  194  15:01  Zergling x4, Ultralisk  
  194  15:03  Ultralisk  
Show
View Real Time Build Order
Export as new Build Order

Nyck Terran - Winner!

Build Orders:  

Get SALT Encoding   

  12  0:00  SCV  
  13  0:12  SCV  
  14  0:17  Supply Depot  
  14  0:24  SCV  
  15  0:39  SCV  
  15  0:42  Barracks  
  16  0:46  Refinery  
  16  0:51  SCV  
  17  1:03  SCV  
  18  1:15  SCV  
  19  1:27  SCV  
  19  1:29  Reaper  
  19  1:31  Barracks  
  21  1:36  Refinery  
  22  1:40  SCV  
  22  1:48  Supply Depot  
  22  1:52  Orbital Command  
  22  2:02  Barracks Tech Lab  
  22  2:19  SCV  
  22  2:20  Barracks Reactor  
  23  2:24  Barracks  
  23  2:27  Engineering Bay  
  23  2:29  Engineering Bay  
  23  2:33  SCV  
  23  2:35  Factory  
  23  2:45  SCV  
  24  2:57  SCV  
  25  3:01  Marauder  
  25  3:02  Marine x2  
  25  3:04  Combat Shield  
  29  3:23  SCV  
  29  3:25  Armory  
  30  3:27  Terran Infantry Weapons Level 1  
  30  3:30  Terran Infantry Armor Level 1  
  30  3:35  SCV  
  30  3:37  Supply Depot  
  30  3:38  Supply Depot  
  31  3:58  Marine x2, Factory Reactor  
  34  4:02  SCV  
  34  4:05  Supply Depot  
  34  4:16  Starport  
  34  4:18  Marine x2  
  34  4:23  Stimpack  
  36  4:33  Barracks  
  37  4:38  SCV  
  37  4:42  Marine x3  
  40  4:55  Marine  
  40  4:59  Marine  
  42  5:10  Barracks Reactor  
  42  5:17  SCV  
  43  5:23  Command Center  
  43  5:35  Medivac  
  45  5:38  Marine x2  
  45  5:39  Marine x2  
  49  5:44  Medivac  
  49  5:46  SCV  
  52  5:56  Marine x2  
  54  6:15  Command Center  
  54  6:22  Medivac x2  
  54  6:23  Supply Depot  
  58  6:29  Marine  
  58  6:30  Marine  
  60  6:32  Marine  
  60  6:33  Marine x2  
  60  6:35  Concussive Shells  
  63  6:46  Supply Depot  
  63  6:49  Refinery  
  63  6:52  SCV  
  64  6:58  Orbital Command, Refinery  
  64  7:07  Terran Infantry Weapons Level 2  
  64  7:19  Terran Infantry Armor Level 2  
  64  7:27  SCV  
  64  7:28  SCV  
  66  7:31  Marine x3  
  66  7:32  Marine x3  
  72  7:39  SCV  
  72  7:40  SCV  
  74  7:51  SCV  
  74  7:52  SCV  
  76  8:10  SCV x2, Marine  
  76  8:11  Marine x4  
  76  8:12  Marine  
  84  8:32  SCV x3  
  84  8:34  Medivac x2  
  89  8:35  Marine  
  89  8:36  Marine  
  93  8:59  Command Center  
  93  9:03  Command Center  
  58  9:38  SCV x2  
  48  9:39  SCV  
  48  9:41  Marine x2  
  48  9:42  Marine x4  
  56  9:45  Medivac  
  56  9:46  Medivac  
  56  9:47  Terran Infantry Weapons Level 3  
  56  9:48  Terran Infantry Armor Level 3  
  60  9:57  Barracks  
  60  9:59  Marine x3, Barracks  
  62  10:00  Marine  
  64  10:15  Medivac  
  64  10:16  Medivac  
  68  10:23  Planetary Fortress  
  68  10:36  SCV x2, Marine  
  68  10:37  Marine x5  
  76  10:48  SCV x2  
  76  10:49  SCV  
  78  10:54  Marine  
  78  10:55  Marine x5  
  83  11:00  SCV x2  
  83  11:01  SCV  
  83  11:02  Medivac  
  88  11:06  Barracks Reactor  
  88  11:12  Marine, Barracks Reactor  
  88  11:13  Marine x5  
  88  11:14  SCV x3  
  97  11:18  SCV  
  98  11:26  SCV x3  
  98  11:30  SCV, Marine x6  
  108  11:38  SCV x2  
  108  11:39  Orbital Command  
  110  11:43  SCV, Refinery  
  110  11:45  Refinery  
  111  11:48  Marine x6  
  111  11:50  SCV x2  
  111  11:51  Marine x3  
  111  11:52  Marine  
  123  11:55  SCV  
  124  12:05  SCV, Marine  
  124  12:06  Marine x5  
  124  12:07  Supply Depot  
  131  12:09  Marine  
  132  12:18  Marine x3  
  135  12:23  Marine  
  135  12:24  Marine x4, Hi-Sec Auto Tracking  
  135  12:25  Neosteel Armor  
  135  12:29  SCV x3, Marine x2  
  145  12:30  Supply Depot  
  145  12:45  Marine x3  
  145  12:50  Marine x7  
  155  12:52  Supply Depot  
  155  12:54  SCV x2  
  155  12:55  SCV  
  158  13:02  Marine  
  158  13:03  Marine x2  
  161  13:06  SCV  
  161  13:07  SCV x2  
  164  13:13  Marine x4  
  162  13:41  Marine x10  
  163  13:46  Supply Depot  
  172  13:49  Medivac x2  
  171  13:58  Marine  
  171  13:59  Marine x9  
  177  14:03  SCV  
  177  14:08  Refinery  
  177  14:14  SCV x3  
  177  14:15  SCV  
  177  14:16  Marine  
  177  14:17  Marine x7  
  188  14:26  SCV x3  
  188  14:27  Marine x2  
  188  14:28  SCV  
  194  14:34  Marine x2  
  194  14:36  Supply Depot  
  196  14:57  SCV, Marine x3  
  200  15:00  Marine  
  200  15:11  Marine x2  
  200  15:12  Marine  
Tags
 
Add a new tag
Caveats
  • Supply blocks, unpowered buildings, or Contaminate may cause inaccurate times.
  • Supply counts are checked every 10 seconds.